 Dungeon Crawl Stone Soup version 0.15.2 (webtiles) character file.

54455 Huymann the Reanimator (level 14, -3/120 HPs)
             Began as a Deep Dwarf Necromancer on Mar 12, 2015.
             Was the Champion of Makhleb.
             Slain by an anaconda (12 damage)
             ... on Level 1 of the Snake Pit on Mar 13, 2015.
             The game lasted 05:43:24 (31292 turns).

Huymann the Reanimator (Deep Dwarf Necromancer)    Turns: 31292, Time: 05:43:25

HP  -3/120       AC 13     Str 19      XL: 14   Next: 34%
MP  24/32        EV 15     Int 22      God: Makhleb [******]
Gold 1398        SH 11     Dex 13      Spells:  9 memorised, 10 levels left

rFire  + . .     SeeInvis .     E - +5 war axe
rCold  x . .     Clarity  +     N - +2 steam dragon armour
rNeg   + . .     rCorr    .     K - +0 shield
rPois  .         rRot     .     Y - +2 helmet of Satisfaction {Str+1 Int+2}
rElec  .         Spirit   .     G - +2 cloak {MR+}
SustAb .         Warding  .     (no gloves)
rMut   .         Stasis   .     (no boots)
Gourm  .                        o - amulet of clarity
MR     +++..                    B - +5 ring of strength
                                Z - ring of fire

@: lethally poisoned, about to teleport, non-regenerating, constricted, studying
Throwing, extremely resistant to hostile enchantments, stealthy
A: damage resistance, recharge devices, negative energy resistance 1, sense
surroundings 2, slow healing 3
a: Device Recharging, Minor Destruction, Lesser Servant of Makhleb, Major
Destruction, Greater Servant of Makhleb, Renounce Religion


You were on level 1 of the Snake Pit.
You worshipped Makhleb.
Makhleb was exalted by your worship.
You were hungry.

You visited 5 branches of the dungeon, and saw 24 of its levels.
You also visited: Labyrinth and Volcano.

You collected 1623 gold pieces.
You spent 225 gold pieces at shops.

Inventory:

Hand weapons
 r - a +1 war axe of venom
 v - the +10 dagger "Hebih" {drain, rF++}
   (You found it on level 5 of the Lair of Beasts)

   A truly terrible weapon, it drains the life of those it strikes.
   It greatly protects you from fire.
 E - a +5 war axe (weapon)
 J - a +0 blowgun
Missiles
 h - 4 javelins (quivered)
 I - 5 silver javelins
 P - 3 curare-tipped needles
Armour
 G - a +2 cloak of magic resistance (worn)
 K - a +0 shield (worn)
 N - a +2 steam dragon armour (worn)
 Y - the cursed +2 helmet of Satisfaction (worn) {Str+1 Int+2}
   (You found it on level 15 of the Dungeon)

   It affects your strength (+1).
   It affects your intelligence (+2).
   It has a curse placed upon it.
Magical devices
 a - a wand of digging (19)
 c - a wand of heal wounds (5)
Comestibles
 d - 14 bread rations
 g - 9 meat rations
 p - a slice of pizza
 w - 14 royal jellies
Scrolls
 l - 4 scrolls of magic mapping
 q - 6 scrolls of teleportation
 s - 3 scrolls of remove curse
 A - 3 scrolls of amnesia
 F - 2 scrolls of recharging
Jewellery
 e - an uncursed amulet of rage
 f - an uncursed ring of ice {unknown}
 k - an uncursed ring of see invisible
 o - an amulet of clarity (around neck)
 u - an uncursed ring of protection from magic
 x - an uncursed ring of protection from cold
 B - a +5 ring of strength (right hand)
 H - an uncursed amulet of warding
 O - an uncursed amulet of resist mutation
 R - an uncursed ring of teleportation
 Z - a ring of fire (left hand)
Potions
 j - a potion of resistance
 m - 3 potions of restore abilities
 n - 5 potions of brilliance
 D - 13 potions of curing
 L - a potion of cancellation
 M - a potion of might
 W - a potion of magic
 X - 2 potions of agility
Books
 b - a book of Necromancy

   Spells                             Type                      Level
   *Pain                              Necromancy                   1
   *Animate Skeleton                  Necromancy                   1
   *Vampiric Draining                 Necromancy                   3
   Regeneration                       Charms/Necromancy            3
   *Animate Dead                      Necromancy                   4
   *Control Undead                    Necromancy                   4
 i - a book of Dreams

   Spells                             Type                      Level
   Ensorcelled Hibernation            Hexes/Ice                    2
   Flight                             Charms/Air                   3
   Phase Shift                        Translocation                5
   Shadow Creatures                   Summoning                    5
   Mass Confusion                     Hexes                        6
   Darkness                           Hexes                        7
 y - a book of Fire

   Spells                             Type                      Level
   Ignite Poison                      Fire/Transmutation           5
   Fireball                           Conjuration/Fire             5
   Bolt of Fire                       Conjuration/Fire             6
   Delayed Fireball                   Conjuration/Fire             7
   Ring of Flames                     Charms/Fire                  7
 z - a book of the Earth

   Spells                             Type                      Level
   *Leda's Liquefaction               Hexes/Earth                  4
   Bolt of Magma                      Conjuration/Fire/Earth       5
   Statue Form                        Transmutation/Earth          6
   Iron Shot                          Conjuration/Earth            6
   Shatter                            Earth                        9
 C - a manual of Throwing
 Q - a book of Geomancy

   Spells                             Type                      Level
   *Sandblast                         Earth                        1
   Stoneskin                          Transmutation/Earth          2
   Passwall                           Transmutation/Earth          3
   *Stone Arrow                       Conjuration/Earth            3
   Petrify                            Transmutation/Earth          4
   Lee's Rapid Deconstruction         Earth                        5
 T - a book of Spatial Translocations

   Spells                             Type                      Level
   Apportation                        Translocation                1
   *Blink                             Translocation                2
   Shroud of Golubria                 Charms/Translocation         2
   Portal Projectile                  Translocation                3
   Teleport Other                     Translocation                3
   Passage of Golubria                Translocation                4
 V - the Incunabulum of Satyriasis
   (You found it in a labyrinth)

   Spells                             Type                      Level
   Flame Tongue                       Conjuration/Fire             1
   Sticky Flame                       Conjuration/Fire             4
   Bolt of Fire                       Conjuration/Fire             6
Magical staves
 S - an uncursed staff of energy
Miscellaneous
 U - a lamp of fire


   Skills:
 * Level 6.2 Fighting
 + Level 0.1 Short Blades
 * Level 8.1 Axes
 * Level 6.9 Throwing
 * Level 2.4 Armour
 * Level 9.1 Dodging
 * Level 9.6 Stealth
 * Level 7.3 Shields
 * Level 10.2 Spellcasting
 * Level 0.1 Conjurations
 * Level 12.4 Necromancy
 * Level 5.9 Translocations
 * Level 6.7 Earth Magic
 * Level 9.8 Evocations


You had 10 spell levels left.
You knew the following spells:

 Your Spells              Type           Power        Failure   Level  Hunger
a - Pain                  Necr           ####         1%          1    None
b - Vampiric Draining     Necr           ######....   1%          3    None
c - Control Undead        Necr           ######....   1%          4    ##.....
d - Animate Skeleton      Necr           N/A          1%          1    None
e - Leda's Liquefaction   Hex/Erth       ####......   34%         4    ##.....
f - Blink                 Tloc           N/A          1%          2    None
g - Sandblast             Erth           #####.       1%          1    None
h - Animate Dead          Necr           N/A          1%          4    ##.....
i - Stone Arrow           Conj/Erth      ####..       10%         3    None


Dungeon Overview and Level Annotations

Branches:
Dungeon (15/15)            Temple (1/1) D:7             Orc (0/4) D:12
   Lair (6/8) D:9          Shoals (0/5) Lair:5        Snake (1/5) Lair:6
 Vaults (0/5) D:14         Depths (1/5) D:15
  Slime: Lair:6-8

Altars:
Ashenzari
Cheibriados
Dithmenos
Elyvilon
Fedhas
Kikubaaqudgha
Makhleb
Nemelex Xobeh
Okawaru
Qazlal
Sif Muna
Trog
Vehumet
Xom
Yredelemnul
Zin
The Shining One

Shops:
D:4 %   D:15 =


Innate Abilities, Weirdness & Mutations

You are resistant to damage.
You can recharge devices by infusing magical energy.
You resist negative energy.
You passively map the area around you.
You do not heal naturally.


Message History

The anaconda misses you. The anaconda constricts you. The anaconda bites you!
* * * LOW HITPOINT WARNING * * *
The black mamba closely misses you. The black mamba bites you.
You are more poisoned.
The black mamba poisons you!
As you read the scroll of teleportation, it crumbles to dust.
You feel strangely unstable.
* * * LOW HITPOINT WARNING * * *
You feel very sick. You block the anaconda's attack.
The anaconda constricts you. The anaconda bites you!
* * * LOW HITPOINT WARNING * * *
You block the black mamba's attack.
The black mamba bites you but does no damage.
The naga ritualist hits you with a scimitar of venom!
* * * LOW HITPOINT WARNING * * *
You are more poisoned.
You block the anaconda's attack. The anaconda constricts you.
The anaconda bites you!
You die...

##### ##.# #..#
* *** #.## , ,*
* ########.# ,
#........# * *
##.....### * *
,, *
#####...#### , ,
,, ##S).....# ,
, *#SN@.....# *
, , ,,
#..SSS......., ,
, , ,
...>...........,
,
...............
, , ,
..[..(...$.....
, , ,,
..(.!........ ,
,##......... , ,
, , *#........ ,
* ** ... , *,


You could see 2 anacondas, a naga ritualist and 3 black mambas.

Vanquished Creatures
  An ogre mage (D:15)
  A minotaur (Lab)
  2 hydras
  2 centaur warriors (D:15)
  A death yak (Lair:3)
  A tengu warrior (D:13)
  Urug (D:14)
  A catoblepas (D:14)
  4 hill giants
  A wizard (D:15)
  Pikel (D:6)
  2 unseen horrors
  3 cyclopes
  3 deep elf conjurers (D:15)
  An orc knight (Volcano)
  An orc sorcerer (D:15)
  2 manticores
  An ugly thing (D:13)
  A griffon (D:13)
  2 black mambas
  A mermaid (shapeshifter) (D:14)
  Maurice (D:13)
  A torpor snail (Lair:3)
  An item mimic (D:12)
  3 spiny frogs
  A kobold demonologist (D:13)
  4 yaktaurs (D:15)
  A naga mage (Snake:1)
  3 komodo dragons
  2 tengu conjurers
  A queen bee (D:9)
  6 trolls
  A fire drake (Lair:3)
  Sonja (D:14)
  6 two-headed ogres
  2 basilisks
  8 blink frogs
  2 trapdoor spiders (Lab)
  7 ravens
  A snapping turtle (Lair:5)
  3 shadows
  A spriggan (D:9)
  A deep elf mage (D:9)
  2 steam dragons
  A wraith (D:12)
  2 wolves (Lair:4)
  13 yaks
  A soldier ant (D:12)
  2 hippogriffs
  2 hungry ghosts (D:9)
  A vampire mosquito (D:14)
  2 mottled dragons
  3 wargs
  10 water moccasins
  12 orc warriors
  6 porcupines
  5 sky beasts
  A swamp drake (D:12)
  6 ice beasts
  A manticore zombie (D:13)
  An orc zombie (D:14)
  17 centaurs
  12 ogres
  A manticore skeleton (D:10)
  5 crocodiles
  3 boggarts (D:14)
  2 wyvern zombies
  9 giant frogs
  6 scorpions
  A cyclops skeleton (D:11)
  An electric eel (Lair:1)
  49 killer bees
  An eye of draining (D:13)
  9 wights
  A giant frog zombie (D:6)
  12 hounds
  10 jellies
  8 orc priests
  An elf zombie (D:10)
  Crazy Yiuf (D:5)
  8 iguanas
  7 worker ants
  16 orc wizards
  A giant frog skeleton (D:11)
  2 orange rats (Lair:3)
  13 sheep
  Ijyb (D:3)
  A mottled dragon skeleton (D:15)
  An ogre skeleton (D:9)
  22 adders
  14 green rats
  A giant mite (D:5)
  4 shadow imps
  A worm (D:3)
  A white imp (D:5)
  An adder skeleton (D:7)
  52 orcs
  16 bats
  A bat skeleton (D:5)
  2 bat zombies (D:7)
  16 goblins
  16 hobgoblins
  21 jackals
  An ooze (D:1)
  10 quokkas
  4 giant cockroaches
  9 giant geckos
  A giant gecko skeleton (D:4)
  3 giant newts
  2 giant spores
  A jackal skeleton (D:6)
  11 kobolds
  2 kobold skeletons
  2 orc skeletons
  A quokka skeleton (D:4)
  10 rats
  A rat skeleton (D:5)
  3 ballistomycetes (D:7)
  A fungus (Lair:3)
590 creatures vanquished.

Vanquished Creatures (collateral kills)
  Saint Roka (D:15)
  2 hydras
  Erica (Lair:4)
  A tengu warrior (D:13)
  An ice statue (D:13)
  A hill giant (D:13)
  A griffon (Lair:3)
  2 black mambas (Lair:6)
  A gargoyle (D:15)
  A spiny frog (Lair:4)
  A komodo dragon (Lair:1)
  2 trolls
  A freezing wraith (D:14)
  4 blink frogs
  3 basilisks
  A wraith (D:15)
  A wyvern (Lair:2)
  6 yaks
  3 hippogriffs
  A warg (D:9)
  4 wolves (Lair:4)
  6 water moccasins
  A porcupine (Lair:5)
  A naga (Snake:1)
  An ice beast (D:10)
  A black bear (Lair:2)
  2 orc zombies (D:15)
  2 ogres
  A necrophage (D:10)
  2 centaurs (D:10)
  3 crocodiles
  4 giant frogs
  5 killer bees (D:9)
  4 wights
  A scorpion (D:10)
  3 hounds
  7 jellies
  A crimson imp (D:6)
  4 iguanas
  A centaur skeleton (D:7)
  3 orange rats (Lair:3)
  10 green rats
  5 adders
  A shadow imp (D:10)
  An orc (D:13)
  2 bats (D:9)
  3 hobgoblins
  2 quokkas
  A rat (D:7)
  A fungus (Lair:2)
118 creatures vanquished.

Vanquished Creatures (others)
  A vault guard (D:14)
  A black mamba zombie (Snake:1)
  3 blink frog zombies
  A komodo dragon zombie (Lair:1)
  2 yaktaur zombies (D:15)
  A warg zombie (D:15)
  4 water moccasin zombies
  A hippogriff zombie (Lair:1)
  2 troll zombies
  A crimson imp (D:6)
  2 centaur zombies (D:15)
  A giant frog skeleton (D:14)
  A kobold zombie (D:14)
  A porcupine skeleton (Lair:5)
  11 killer bee zombies
  2 crocodile zombies
  An ogre zombie (D:15)
  A hound skeleton (Lair:2)
  A scorpion zombie (D:14)
  A steam dragon skeleton (D:15)
  An adder zombie (D:6)
  2 sheep zombies
  A giant gecko (D:6)
  A giant cockroach (D:6)
  3 green rat zombies
  2 orc skeletons
  2 orc zombies (D:15)
51 creatures vanquished.

Grand Total: 759 creatures vanquished

Notes
Turn   | Place    | Note
--------------------------------------------------------------
     0 | D:1      | Huymann, the Deep Dwarf Necromancer, began the quest for the Orb.
     0 | D:1      | Reached XP level 1. HP: 15/15 MP: 2/2
   363 | D:1      | Reached XP level 2. HP: 19/22 MP: 2/4
  1093 | D:1      | Reached XP level 3. HP: 21/28 MP: 3/6
  1517 | D:2      | Reached skill level 5 in Necromancy
  1517 | D:2      | Reached XP level 4. HP: 19/37 MP: 0/8
  2087 | D:2      | Learned a level 3 spell: Vampiric Draining
  2101 | D:3      | Reached skill level 1 in Evocations
  2718 | D:3      | Noticed Ijyb
  2804 | D:3      | Killed Ijyb
  2804 | D:3      | Reached XP level 5. HP: 43/43 MP: 6/11
  3536 | D:4      | Reached skill level 1 in Fighting
  3699 | D:4      | Reached XP level 6. HP: 48/51 MP: 5/13
  3943 | D:4      | Found Semeh's Food Emporium.
  3943 | D:4      | Noticed an ogre
  3976 | D:4      | Killed an ogre
  3976 | D:4      | Reached skill level 1 in Axes
  4495 | D:4      | Noticed an ogre
  4502 | D:4      | Killed an ogre
  4502 | D:4      | Reached skill level 6 in Necromancy
  4502 | D:4      | Reached XP level 7. HP: 22/57 MP: 2/17
  4706 | D:5      | Entered Level 5 of the Dungeon
  5120 | D:5      | Got an encrusted scimitar
  5121 | D:5      | Identified the cursed -1 scimitar of the Purse {slice, rC+ SInv} (You found it on level 5 of the Dungeon)
  6109 | D:5      | Reached skill level 1 in Shields
  6131 | D:5      | Reached XP level 8. HP: 55/67 MP: 2/18
  6476 | D:5      | Noticed Crazy Yiuf
  6484 | D:5      | Killed Crazy Yiuf
  6996 | D:5      | Learned a level 4 spell: Control Undead
  7011 | D:6      | Reached skill level 5 in Stealth
  7352 | D:6      | Reached skill level 5 in Spellcasting
  7352 | D:6      | Reached skill level 7 in Necromancy
  7465 | D:6      | Found an iron altar of Okawaru.
  7716 | D:6      | Noticed Pikel
  7721 | D:6      | Killed Pikel
  7721 | D:6      | Reached skill level 5 in Dodging
  7721 | D:6      | Gained mutation: You passively map the area around you. [level up]
  7721 | D:6      | Reached XP level 9. HP: 68/74 MP: 21/21
  8721 | D:7      | Found a basalt altar of Yredelemnul.
  8942 | D:7      | Found an ancient bone altar of Kikubaaqudgha.
  9646 | D:7      | Reached skill level 8 in Necromancy
  9985 | D:7      | Found a staircase to the Ecumenical Temple.
  9991 | Temple   | Entered the Ecumenical Temple
 10216 | D:7      | Found a radiant altar of Vehumet.
 10287 | D:8      | Found a burning altar of Makhleb.
 10303 | D:8      | Became a worshipper of Makhleb the Destroyer
 10409 | D:8      | Found a glowing golden altar of the Shining One.
 11383 | D:9      | Reached skill level 5 in Evocations
 11447 | D:9      | Acquired Makhleb's first power
 11834 | D:9      | Reached XP level 10. HP: 43/83 MP: 17/24
 11844 | D:9      | Learned a level 1 spell: Animate Skeleton
 12297 | D:9      | Found a staircase to the Lair.
 13283 | D:9      | Reached skill level 9 in Necromancy
 13641 | D:9      | Acquired Makhleb's second power
 13734 | D:9      | Reached skill level 1 in Armour
 13888 | D:10     | Entered Level 10 of the Dungeon
 13915 | D:10     | Learned a level 4 spell: Leda's Liquefaction
 14161 | D:10     | Reached skill level 1 in Earth Magic
 14369 | D:10     | Reached skill level 5 in Axes
 14890 | D:10     | Learned a level 2 spell: Blink
 15213 | D:10     | Noticed a hill giant
 15247 | D:10     | Killed a hill giant
 15944 | D:11     | Reached XP level 11. HP: 85/91 MP: 22/26
 16139 | D:11     | Reached skill level 1 in Translocations
 16651 | D:12     | Noticed a hill giant
 16809 | D:12     | Found a labyrinth entrance.
 16820 | Lab      | Entered a labyrinth
 16934 | Lab      | Acquired Makhleb's third power
 17716 | Lab      | Noticed a minotaur
 17727 | Lab      | Killed a minotaur
 17733 | Lab      | Identified the Incunabulum of Satyriasis
 17777 | D:12     | Learned a level 1 spell: Sandblast
 17864 | D:12     | Killed a hill giant
 18326 | D:12     | Found a staircase to the Orcish Mines.
 18477 | D:12     | Reached skill level 10 in Necromancy
 19125 | D:13     | Reached skill level 1 in Throwing
 19239 | D:13     | Reached skill level 5 in Shields
 19341 | D:13     | Noticed a tengu warrior
 19392 | D:13     | HP: 3/93 [raven[a tengu warrior] (9)]
 19392 | D:13     | HP: 1/93 [raven[a tengu warrior] (2)]
 19395 | D:13     | Found a frozen archway.
 19395 | D:13     | Noticed an ice statue
 19533 | D:13     | Noticed a hill giant
 19652 | D:13     | Killed a tengu warrior
 19850 | D:13     | Noticed an unseen horror
 19862 | D:13     | Killed a hill giant
 19897 | D:13     | Noticed Maurice
 19925 | D:13     | Killed Maurice
 20238 | D:13     | Acquired Makhleb's fourth power
 20555 | D:13     | Reached XP level 12. HP: 100/100 MP: 7/28
 20647 | D:13     | Killed an unseen horror
 20719 | D:13     | Noticed a five-headed hydra
 20840 | D:13     | Killed a five-headed hydra
 21030 | D:13     | Learned a level 4 spell: Animate Dead
 21138 | D:13     | Noticed a tengu warrior
 21162 | D:13     | Killed a tengu warrior
 21428 | D:13     | Noticed a hill giant
 21438 | D:13     | Killed a hill giant
 21649 | D:13     | Noticed a six-headed hydra
 21834 | D:13     | Killed a six-headed hydra
 22173 | D:14     | Reached skill level 5 in Fighting
 22184 | D:14     | Noticed a vault guard
 22224 | D:14     | Killed a vault guard
 22224 | D:14     | Reached skill level 11 in Necromancy
 22269 | D:14     | Found a gate to the Vaults.
 22408 | D:14     | Noticed Urug
 22456 | D:14     | Killed Urug
 23122 | D:14     | Noticed Sonja
 23228 | D:14     | Killed Sonja
 23495 | D:15     | Entered Level 15 of the Dungeon
 23495 | D:15     | Found Tammerre's Jewellery Shop.
 23666 | D:14     | Your ally Sonja died
 23977 | D:15     | Got a pitted helmet
 23988 | D:15     | Identified the cursed +2 helmet of Satisfaction {Str+1 Int+2} (You found it on level 15 of the Dungeon)
 24028 | D:15     | Bought an uncursed ring of see invisible for 225 gold pieces
 24132 | D:15     | Acquired Makhleb's fifth power
 24261 | D:15     | Reached skill level 5 in Earth Magic
 24268 | D:15     | Reached XP level 13. HP: 77/109 MP: 3/30
 24277 | D:15     | Reached skill level 5 in Throwing
 24811 | D:15     | Noticed a centaur warrior
 24823 | D:15     | Killed a centaur warrior
 25051 | D:15     | Found a staircase to the Depths.
 25051 | D:15     | Noticed an ogre mage
 25068 | D:15     | Killed an ogre mage
 25192 | Depths:1 | Entered Level 1 of the Depths
 25192 | Depths:1 | Noticed Saint Roka
 25245 | D:15     | Killed Saint Roka
 25618 | Depths:1 | Noticed an emperor scorpion
 25624 | Depths:1 | Noticed a frost giant
 25773 | D:15     | Reached skill level 12 in Necromancy
 26123 | D:13     | Killed an ice statue
 26123 | D:13     | Reached skill level 5 in Translocations
 26556 | Lair:1   | Entered Level 1 of the Lair of Beasts
 26901 | Lair:1   | Learned a level 3 spell: Stone Arrow
 27274 | Lair:2   | Reached skill level 10 in Spellcasting
 28182 | Lair:3   | Gained mutation: You resist negative energy. [level up]
 28182 | Lair:3   | Reached XP level 14. HP: 52/120 MP: 7/32
 28647 | Lair:3   | Found a deep blue altar of Sif Muna.
 28766 | Lair:4   | Noticed Erica
 28776 | Lair:4   | Killed Erica
 28914 | Lair:4   | Found a dark tunnel.
 28942 | Volcano  | Entered a volcano
 29619 | Lair:5   | Got a polished lajatang
 29625 | Lair:5   | Identified the +5 lajatang "Paptymur" {antimagic, +Inv Stlth++} (You found it on level 5 of the Lair of Beasts)
 29986 | Lair:5   | Got a jewelled dagger
 29987 | Lair:5   | Identified the +10 dagger "Hebih" {drain, rF++} (You found it on level 5 of the Lair of Beasts)
 30193 | Lair:5   | Found a staircase to the Shoals.
 30488 | Lair:6   | Found a staircase to the Snake Pit.
 31072 | Snake:1  | Entered Level 1 of the Snake Pit
 31292 | Snake:1  | Slain by an anaconda

Action                   |  1- 3 |  4- 6 |  7- 9 | 10-12 | 13-15 || total
-------------------------+-------+-------+-------+-------+-------++-------
Melee: Short sword       |    13 |       |       |       |       ||    13
       Battleaxe         |     1 |    34 |       |       |       ||    35
       War axe           |       |    72 |     1 |   420 |   496 ||   989
       Hand axe          |       |       |   425 |    28 |       ||   453
       Staff             |       |       |       |     6 |    10 ||    16
       Scimitar          |       |       |       |    26 |       ||    26
       Dagger            |       |       |       |       |     1 ||     1
 Fire: Blowgun           |       |       |       |     3 |     4 ||     7
Throw: Javelin           |       |       |     7 |    17 |     2 ||    26
 Cast: Pain              |    71 |    58 |    29 |   141 |    18 ||   317
       Vampiric Draining |       |    45 |   146 |   385 |   183 ||   759
       Control Undead    |       |       |    33 |    47 |     2 ||    82
       Animate Skeleton  |       |       |       |     4 |     4 ||     8
       Sandblast         |       |       |       |    28 |     5 ||    33
       Blink             |       |       |       |     3 |     1 ||     4
       Animate Dead      |       |       |       |     8 |    69 ||    77
Evoke: Wand              |       |     2 |    32 |    15 |     4 ||    53
       Lamp of fire      |       |       |       |     1 |       ||     1
  Use: Scroll            |     4 |     5 |    15 |    22 |     8 ||    54
       Potion            |       |       |       |    10 |     3 ||    13
 Stab: Sleeping          |     2 |     4 |    13 |    19 |    23 ||    61
       Distracted        |       |       |     2 |     3 |     7 ||    12
  Eat: Chunk             |     3 |    15 |    33 |    38 |    17 ||   106
       Royal jelly       |       |       |     1 |       |     1 ||     2
       Beef jerky        |       |       |     3 |     3 |     3 ||     9
       Fruit             |       |       |       |     5 |       ||     5
       Pizza             |       |       |       |     1 |     1 ||     2
